 Dungeon Crawl Stone Soup version 0.29.1-12-g30fa7ad0bf (webtiles) character file.

Game seed: 11173427257710420754

219 fantasyman the Ruffian (level 5, -4/46 HPs)
             Began as a Ghoul Monk on Dec 21, 2022.
             Slain by an ogre
             ... wielding a +0 giant club
              (8 damage)
             ... on level 5 of the Dungeon.
             The game lasted 00:04:04 (4086 turns).

fantasyman the Ruffian (Ghoul Monk)                 Turns: 4086, Time: 00:04:05

Health: -4/46      AC:  7    Str: 17    XL:     5   Next: 96%
Magic:  4/4        EV: 12    Int:  5    God:
Gold:   243        SH:  0    Dex: 11    Spells: 4/4 levels left

rFire   + . .      SeeInvis +     - Unarmed
rCold   + . .      Faith    .   (no shield)
rNeg    + + +      Spirit   .   p - +1 robe {rF+}
rPois   ∞          Reflect  .   u - +1 hat
rElec   .          Harm     .   (no cloak)
rCorr   .          Rampage  .   n - +2 pair of gloves
Will    .....                   (no boots)
Stlth   ++........              f - amulet of regeneration
HPRegen 0.00/turn               q - ring of see invisible
MPRegen 0.09/turn               (no ring)

@: inhibited regen
A: claws 1, cold resistance 1, negative energy resistance 3, inhibited
regeneration, torment resistance 2, devour on kill
a: no special abilities


You were on level 5 of the Dungeon.
You visited 1 branch of the dungeon, and saw 5 of its levels.

You collected 243 gold pieces.

Inventory:

Missiles
 g - a throwing net (quivered)
Armour
 n - a +2 pair of gloves (worn)
 p - a +1 robe of fire resistance (worn)
 u - a +1 hat (worn)
Jewellery
 f - an amulet of regeneration (around neck)
 q - a ring of see invisible (left hand)
Wands
 j - a wand of paralysis (7)
 t - a wand of roots (11)
Scrolls
 a - a scroll of fog
 c - a scroll of identify
 d - 4 scrolls of teleportation
 e - a scroll of torment
 k - a scroll of fear {unknown}
Potions
 b - a potion of ambrosia
 h - 2 potions of curing
 i - a potion of brilliance
 l - 2 potions of degeneration
 m - 4 potions of heal wounds
 o - a potion of might
 r - a potion of lignification
 s - a potion of haste


   Skills:
 * Level 4.0 Fighting
 * Level 3.4 Dodging
 * Level 3.7 Stealth
 * Level 5.3 Unarmed Combat


You had 4 spell levels left.
You didn't know any spells.
Your spell library contained the following spells:

 Spells                   Type           Power      Damage    Failure   Level
 Shock                    Conj/Air       0%         1d3       47%         1
 Summon Small Mammal      Summ           0%         N/A       47%         1
 Call Canine Familiar     Summ           0%         N/A       85%         3
 Dazzling Flash           Conj/Hex       0%         N/A       85%         3
 Summon Guardian Golem    Hex/Summ       0%         N/A       85%         3
 Swiftness                Air            0%         N/A       85%         3
 Airstrike                Air            0%         2d(0-16)  99%         4
 Iskenderun's Mystic Bla  Conj/Tloc      0%         2d3       99%         4
 Starburst                Conj/Fire      0%         6d3       100%        6


Dungeon Overview and Level Annotations

Branches:
Dungeon (5/15)
 Temple: D:4-7

Altars:
Nemelex Xobeh
Wu Jian


Innate Abilities, Weirdness & Mutations

You are immune to poison.
You have sharp fingernails.
Your flesh is cold resistant. (rC+)
You are immune to negative energy. (rN+++)
You do not regenerate when monsters are visible.
You are immune to unholy pain and torment.
You thrive by killing the living.


Message History

An iguana is nearby!
You hit the iguana but do no damage.
The iguana is almost dead.
The iguana barely misses you.
You barely miss the iguana.
The iguana is almost dead.
An iguana is nearby!
You hit the iguana.
You kill the iguana!
No target in view!
No target in view!
HP restored.
You see here a +0 short sword.
h - 2 potions of curing (gained 1)
You now have 243 gold pieces (gained 19).
An ogre comes into view. It is wielding a +0 giant club.
An ogre is nearby!
The ogre shouts!
You hit the ogre.
The ogre is lightly wounded.
The ogre hits you with a +0 giant club!
You hit the ogre.
The ogre is lightly wounded.
The ogre closely misses you.
You barely miss the ogre.
The ogre is lightly wounded.
You barely miss the ogre.
The ogre is lightly wounded.
The ogre barely misses you.
You hit the ogre.
The ogre is lightly wounded.
You hit the ogre.
The ogre is moderately wounded.
The ogre hits you with a +0 giant club!!
Ouch! That really hurt!
* * * LOW HITPOINT WARNING * * *
You punch the ogre!
The ogre is severely wounded.
The ogre hits you with a +0 giant club!
You die...

#.
..........#####
#....# #
##.........#
#.####
....####.# #.#
#. #.# ..# #.#
#### # #.#
#.##.##.# #
#.......####.#
####......@O.#
###.####### #.#
#.# #.# #.# #..
##


You could see an ogre.

Vanquished Creatures
  A jelly (D:4)
  A hound (D:4)
  Natasha (D:2)
  An iguana (D:5)
  5 adders
  3 worms
  2 dart slugs
  2 orcs
  3 bats
  5 endoplasms
  4 goblins
  4 hobgoblins
  8 kobolds
  4 quokkas (D:1)
  3 ball pythons
  3 frilled lizards
  6 rats
56 creatures vanquished.

Vanquished Creatures (others)
  2 plants (D:2)
2 creatures vanquished.

Grand Total: 58 creatures vanquished

Notes
Turn   | Place    | Note
-------+----------+-------------------------------------------
     0 | D:1      | fantasyman the Ghoul Monk began the quest for the Orb.
     0 | D:1      | Reached XP level 1. HP: 19/19 MP: 0/0
    67 | D:1      | Found a faded altar of an unknown god.
   316 | D:1      | Reached XP level 2. HP: 16/26 MP: 1/1
  1319 | D:2      | Reached XP level 3. HP: 31/31 MP: 2/2
  1519 | D:2      | Reached skill level 4 in Unarmed Combat
  1871 | D:2      | Noticed Natasha
  1884 | D:2      | Killed Natasha
  1885 | D:2      | Reached XP level 4. HP: 10/40 MP: 3/3
  3215 | D:3      | Found an ornate altar of the Wu Jian Council.
  3472 | D:4      | Reached XP level 5. HP: 41/46 MP: 4/4
  3514 | D:4      | Reached skill level 5 in Unarmed Combat
  3874 | D:4      | Found a sparkling altar of Nemelex Xobeh.
  3984 | D:5      | Entered Level 5 of the Dungeon
  4076 | D:5      | Noticed an ogre
  4086 | D:5      | Slain by an ogre

Illustrated notes

Levels and vault maps discovered:
D:1:      mrwooster_arrival_arrow, layout_loops_ring,
          shapermc_ecumenical_altar_mp_highgroup, minmay_pentomino_p4
D:2:      layout_basic, serial_bayou_pond_d, chequers_serial_rivers_small_b,
          uniq_natasha
D:3:      layout_rooms, pdpol_wu_jian_five_deadly_venoms
D:4:      layout_rooms, mainiacjoe_overflow_boulevard,
          overflow_temple_1_default, serial_bayou_pond_e,
          dreamdust_princess_corridor, minmay_door_square
D:5:      layout_loops_cross, zin_treasury, minmay_temple_entry_enclosed_plants,
          kennysheep_generic_room_14

Skill      XL: |  1  2  3  4  5 |
---------------+----------------+-----
Dodging        | 3 |  3.4
Unarmed Combat | 4 5 |  5.3
Stealth        | 3 |  3.7
Fighting       | 4 |  4.0

Action                   |  1- 3 |  4- 6 || total
-------------------------+-------+-------++-------
Melee: Unarmed           |    93 |    91 ||   184
       Punch             |     1 |     4 ||     5
Throw: Throwing net      |     2 |       ||     2
  Use: Scroll            |     3 |    13 ||    16
 Stab: Sleeping          |     5 |     7 ||    12
Armor: Robe              |    14 |    19 ||    33
Dodge: Dodged            |    45 |    30 ||    75
